Map: Acropolis LE

Players

Elazer

  • Race: Zerg Zerg
  • Spawn Location: 5:00

Reynor - Winner!

  • Race: Zerg Zerg
  • Spawn Location: 11:00

VOD

Have the link to the VOD?

Description

Time

  • Played on: Sept. 8, 2019, 10:42 a.m.
  • Length: 7:36
Show
View Real Time Build Order
Export as new Build Order

Elazer Zerg 

Build Orders: Hatch First 

Get SALT Encoding   

  12  0:00  Drone  
  13  0:12  Overlord  
  13  0:16  Drone  
  14  0:30  Drone x2  
  16  0:47  Hatchery  
  15  0:50  Drone  
  15  0:54  Drone  
  17  0:57  Drone  
  18  1:07  Extractor  
  17  1:12  Spawning Pool  
  17  1:15  Drone  
  17  1:19  Drone  
  18  1:28  Drone  
  19  1:38  Drone  
  20  1:48  Drone  
  21  1:59  Overlord, Queen x2  
  21  2:00  Zergling x2  
  26  2:10  Drone  
  26  2:11  Drone  
  26  2:14  Metabolic Boost  
  28  2:20  Drone  
  28  2:21  Drone  
  30  2:32  Hatchery  
  30  2:35  Zergling x2  
  30  2:38  Zergling x2  
  30  2:42  Zergling x2  
  32  2:47  Queen  
  34  2:52  Overlord  
  34  3:02  Drone x2  
  36  3:11  Zergling x12  
  42  3:13  Drone  
  42  3:16  Drone  
  42  3:19  Overlord  
  44  3:33  Roach Warren  
  43  3:40  Drone x6  
  49  3:41  Drone  
  49  3:46  Overlord  
  50  3:48  Drone  
  50  3:54  Drone  
  50  3:55  Drone  
  53  3:59  Drone  
  54  4:02  Evolution Chamber  
  54  4:04  Drone  
  54  4:08  Overlord, Extractor  
  54  4:09  Drone  
  54  4:10  Drone  
  54  4:14  Roach x2  
  54  4:16  Roach  
  61  4:20  Roach  
  63  4:27  Roach  
  63  4:28  Roach x2  
  65  4:37  Roach x5  
  72  4:41  Roach  
  64  4:46  Queen  
  64  4:47  Zergling x4  
  64  4:50  Zergling x4  
  59  5:01  Zergling x8  
  62  5:08  Drone  
  62  5:13  Roach x2  
  67  5:19  Roach  
  69  5:25  Roach  
  69  5:26  Roach  
  66  5:31  Drone x2  
  67  5:37  Drone  
  67  5:44  Baneling Nest  
  66  5:50  Overlord x2  
  66  6:07  Queen  
  66  6:09  Roach x4  
  76  6:14  Roach  
  76  6:17  Roach x2  
  83  6:18  Zergling x2, Hatchery  
  83  6:22  Zergling x2  
  83  6:26  Zergling x2  
  83  6:29  Baneling x2  
  84  6:35  Overlord  
  84  6:50  Baneling x3  
  84  6:52  Baneling x2  
  84  6:54  Zergling x2  
  84  6:55  Zergling x8  
  84  6:59  Zergling x6  
  92  7:08  Zergling x4  
  92  7:15  Zergling x2  
Show
View Real Time Build Order
Export as new Build Order

Reynor Zerg - Winner!

Build Orders: Hatch First, Zergling Baneling 

Get SALT Encoding   

  12  0:00  Drone  
  13  0:12  Overlord  
  13  0:17  Drone  
  14  0:30  Drone x2  
  16  0:48  Hatchery  
  15  0:51  Drone  
  15  0:55  Drone  
  17  0:58  Drone  
  18  1:09  Extractor  
  17  1:13  Spawning Pool  
  17  1:16  Drone  
  17  1:19  Drone  
  18  1:27  Drone  
  19  1:39  Overlord  
  19  2:00  Zergling x6, Queen x2  
  26  2:10  Drone  
  26  2:11  Drone  
  28  2:16  Metabolic Boost  
  28  2:22  Drone x2  
  30  2:36  Hatchery  
  29  2:38  Drone  
  29  2:40  Drone  
  31  2:47  Baneling Nest  
  31  2:48  Drone  
  31  2:55  Drone  
  31  2:56  Overlord  
  32  3:02  Drone  
  33  3:10  Drone x3  
  33  3:12  Evolution Chamber  
  35  3:15  Zergling x2  
  35  3:16  Drone  
  35  3:17  Drone  
  35  3:19  Zergling x2  
  39  3:21  Zergling x2  
  39  3:23  Zergling x2  
  41  3:28  Overlord  
  41  3:33  Baneling x2  
  41  3:34  Zergling x2  
  41  3:39  Zergling x4  
  44  3:45  Overlord  
  44  3:51  Zergling x2  
  44  3:52  Zergling x8  
  48  3:56  Zergling x2  
  48  3:58  Baneling x4  
  48  3:59  Baneling  
  48  4:00  Zergling x4  
  48  4:02  Zergling x2  
  52  4:06  Zergling x2  
  53  4:10  Overlord  
  53  4:11  Zergling x4  
  55  4:22  Zergling x4  
  55  4:23  Zergling x6  
  58  4:32  Zergling x6  
  58  4:36  Baneling x3  
  58  4:38  Zergling x2  
  58  4:39  Zergling x2  
  58  4:42  Zergling x2  
  58  4:45  Zergling x2  
  56  4:47  Queen  
  56  4:49  Zergling x6  
  53  5:01  Zergling x6  
  53  5:05  Drone x2, Zerg Missile Weapons Level 1  
  53  5:06  Drone  
  54  5:17  Zergling x6  
  56  5:25  Zergling x8  
  56  5:26  Zergling x6  
  60  5:29  Roach Warren  
  49  5:36  Drone x2, Spore Crawler  
  49  5:37  Drone  
  52  5:45  Baneling  
  52  5:48  Drone x4  
  56  5:50  Drone x2, Extractor  
  56  5:51  Extractor  
  56  6:07  Overlord  
  56  6:10  Roach  
  56  6:11  Roach x5  
  67  6:13  Spine Crawler  
  67  6:14  Zergling x2, Roach  
  69  6:19  Drone  
  69  6:21  Zergling x2, Roach  
  73  6:25  Drone  
  73  6:26  Drone x2  
  80  6:32  Roach  
  80  6:33  Roach x2  
  80  6:38  Overlord  
  82  6:48  Overlord  
  82  6:54  Overlord  
  82  6:57  Roach x4  
  90  7:05  Overlord  
  90  7:08  Zergling x4, Roach x3  
  97  7:14  Zergling x4, Roach x2  
Tags
 
Add a new tag
Caveats
  • Supply blocks, unpowered buildings, or Contaminate may cause inaccurate times.
  • Supply counts are checked every 10 seconds.